 Dungeon Crawl Stone Soup version 0.30-a0-269-gf0224bf7b6 (webtiles) character file.

Game seed: 11098098098300874843

2317 freelancePsychic the Caller (level 8, -9/70 HPs)
             Began as a Demigod Reaver on Oct 14, 2022.
             Mangled by an orc warrior
             ... wielding a +0 glaive
              (32 damage)
             ... in a bailey.
             The game lasted 00:19:19 (8245 turns).

freelancePsychic the Caller (Demigod Reaver)        Turns: 8245, Time: 00:19:19

Health: -9/70      AC:  9    Str: 13    XL:     8   Next: 98%
Magic:  4/17       EV: 13    Int: 23    God:
Gold:   505        SH:  0    Dex: 12    Spells: 8/14 levels left

rFire   + . .      SeeInvis .    a - +0 falchion
rCold   . . .      Faith    .    (no shield)
rNeg    . . .      Spirit   .    k - +2 robe {Archmagi}
rPois   .          Reflect  .    (no helmet)
rElec   .          Harm     .    (no cloak)
rCorr   .          Rampage  .    m - +2 pair of gloves
Will    .....      Archmagi +    w - +1 pair of boots {Fly}
Stlth   +.........               v - amulet of the acrobat
HPRegen 0.31/turn                s - ring of protection from cold
MPRegen 0.15/turn                p - ring of fire

@: immotile, flying, invisible
A: high MP 1, forlorn, divine attributes
a: no special abilities


You were in a bailey.
You visited 1 branch of the dungeon, and saw 9 of its levels.
You also visited: Bailey.

You collected 505 gold pieces.

Inventory:

Hand Weapons
 a - a +0 falchion (weapon)
Missiles
 E - 3 throwing nets
Armour
 b - a +0 leather armour
 i - a +0 ring mail
 k - a +2 robe of the Archmagi (worn)
 m - a +2 pair of gloves (worn)
 w - a +1 pair of boots of flying (worn)
 y - a +0 kite shield
Jewellery
 o - a ring of ice
 p - a ring of fire (right hand)
 s - a ring of protection from cold (left hand)
 v - an amulet of the acrobat (around neck)
Wands
 c - a wand of flame (12)
 t - a wand of paralysis (17)
 F - a wand of mindburst (3)
Scrolls
 d - 3 scrolls of fear
 f - 3 scrolls of blinking
 l - 7 scrolls of teleportation {@r4}
 n - 2 scrolls of fog
 x - 2 scrolls of amnesia
 z - a scroll of poison
Potions
 e - a potion of mutation
 h - 2 potions of magic
 j - 2 potions of invisibility
 q - 2 potions of lignification {unknown}
 r - 2 potions of haste {unknown}
 A - 2 potions of flight {unknown}
 B - 3 potions of might {unknown}
 C - a potion of cancellation {unknown}
 G - 2 potions of ambrosia {unknown}


   Skills:
 + Level 5.7 Fighting
 - Level 2.6 Long Blades
 + Level 5.1 Dodging
 - Level 3.7 Spellcasting
 - Level 3.6 Conjurations
 + Level 6.7 Summonings
 - Level 2.1 Translocations


You had 8 spell levels left.
You knew the following spells:

 Your Spells              Type           Power      Damage    Failure   Level
a - Kiss of Death         Conj/Necr      76%        2d11      4%          1
b - Momentum Strike       Conj/Tloc      52%        3d9       4%          2
c - Call Canine Familiar  Summ           51%        N/A       1%          3

Your spell library contained the following spells:

 Spells                   Type           Power      Damage    Failure   Level
 Hailstorm                Conj/Ice       19%        3d6       16%         3
 Portal Projectile        Hex/Tloc       26%        N/A       21%         3
 Ozocubu's Armour         Ice            6%         N/A       32%         3
 Leda's Liquefaction      Hex/Erth       3%         N/A       71%         4
 Metabolic Englaciation   Hex/Ice        3%         N/A       96%         5
 Simulacrum               Ice/Necr       3%         N/A       100%        6


Dungeon Overview and Level Annotations

Branches:
Dungeon (9/15)             Temple (0/1) D:7             Orc (0/2) D:9
 Bailey (1/1)
   Lair: D:8-11

Shops:
D:6 [

Annotations:
D:2 1 runed translucent door, Crazy Yiuf
D:5 1 runed translucent door, sscrono2's ghost, amateur OpDe


Innate Abilities, Weirdness & Mutations

You have an increased reservoir of magic. (+10% MP)
You shall have no god before yourself.
Your divine heritage dramatically boosts your attributes as you level up.


Message History

An orc warrior comes into view. It is wielding a +0 glaive.
As you read the scroll of fear, it crumbles to dust.
You assume a fearsome visage.
The orc warrior looks frightened!
The orc looks frightened!
The orc knight looks frightened!
Really read the scroll of poison?
The air fills with toxic fumes!
As you read the scroll of poison, it crumbles to dust.
You are no longer robbed of momentum.
The orc knight is engulfed in poison gas.
The orc knight is poisoned.
Flame seeps out of the orc knight.
Cornered, the orc warrior turns to fight!
Flame seeps out of the orc knight.
The orc knight looks even sicker.
The orc is engulfed in poison gas.
The orc is poisoned.
The orc knight explodes!
The fiery explosion engulfs the orc!!
You kill the orc!
Your Dodging skill increases to level 5!
Casting: Momentum Strike (safe; 4% risk of failure)
Confirm with . or Enter, or press ? or * to list all spells.
Aiming: Momentum Strike (safe; 4% risk of failure)
Press: ? - help, Dir - move target, f - orc warrior
Aim: an orc warrior, wielding a +0 glaive and wearing a +0 ring mail (strong, 67% to hit)
You feel a surge of power!
The concentrated momentum misses the orc warrior.
You feel better.
You fade into invisibility!
Casting: Momentum Strike (safe; 4% risk of failure)
Confirm with . or Enter, or press ? or * to list all spells.
Aiming: Momentum Strike (safe; 4% risk of failure)
Press: ? - help, Dir - move target, f/p - orc warrior
Aim: an orc warrior, wielding a +0 glaive and wearing a +0 ring mail (strong, unable to see you, 67% to hit)
You feel a surge of power!
The concentrated momentum hits the orc warrior!
You are unable to move.
The orc warrior shouts!
You hear a shout!
Casting: Momentum Strike (safe; 4% risk of failure)
Confirm with . or Enter, or press ? or * to list all spells.
You feel a surge of power!
The orc warrior hits you from afar with a +0 glaive!!
You die...

♣♣......#....#....≈≈≈#
♣...○§≈≈#☼...#≈≈≈≈≈≈≈#
♣.≈☼§§≈≈#°°.§#≈≈≈○≈≈≈#
♣≈≈§≈○☼≈#..☼.#≈≈°§≈≈≈#
≈≈≈≈§≈§≈☼#○§.○#≈○§§≈♣♣#
#≈≈≈≈≈☼§○○#☼○○.#§§§♣♣♣
#≈≈≈≈°.☼○§§h°..§§♣☼§
#≈≈≈.☼§§☼§○°☼.§°○§○○
#≈≈..####§○§@○☼☼☼###
####§'#### o○§°.
8...)8§. ########○§# §#
#


You could see an orc warrior (strong, unable to see you, ally target) and a
friendly wolf (summoned).

Vanquished Creatures
  An orc knight (Bailey)
  A yak (D:9)
  A sky beast (D:6)
  An ice beast (D:6)
  An ogre (D:3)
  A kobold brigand (D:8)
  A bullfrog (D:5)
  A howler monkey (D:8)
  A hound (D:5)
  A jelly (D:4)
  A gnoll bouda (D:7)
  2 iguanas (D:6)
  3 adders
  A gnoll (D:4)
  A shadow imp (D:8)
  A white imp (D:8)
  A worm (D:2)
  3 dart slugs
  6 orcs
  5 bats
  3 endoplasms
  A giant cockroach (D:1)
  A goblin (D:1)
  5 hobgoblins
  3 quokkas
  9 ball pythons
  A frilled lizard (D:1)
  5 kobolds
  6 rats
68 creatures vanquished.

Vanquished Creatures (collateral kills)
  Joseph (D:8)
  A yak (D:9)
  2 water moccasins
  An orc warrior (D:7)
  2 sky beasts (D:6)
  A phantom (D:7)
  2 bullfrogs (D:9)
  A scorpion (D:6)
  3 wights (D:8)
  3 howler monkeys
  A gnoll bouda (D:9)
  An orc priest (D:8)
  3 orc wizards (D:9)
  A centaur simulacrum (D:9)
  11 gnolls
  A white imp (D:9)
  An ufetubus (D:7)
  14 orcs
  3 kobolds (D:8)
53 creatures vanquished.

Vanquished Creatures (others)
  An orc warrior (Bailey)
  A centaur (D:6)
  3 scorpions
  2 howler monkeys
  4 hounds
  A gnoll bouda (D:7)
  An orc priest (D:3)
  An iguana (D:4)
  3 orc wizards
  5 gnolls
  5 adders
  A shadow imp (D:8)
  A worm (D:6)
  5 orcs
  An endoplasm (D:2)
  A giant cockroach (D:4)
  A goblin (D:3)
  2 kobolds
  2 quokkas
  3 ball pythons (D:4)
  A bat (D:1)
  A rat (D:2)
  27 fungi (D:9)
  12 plants (D:9)
85 creatures vanquished.

Grand Total: 206 creatures vanquished

Notes
Turn   | Place    | Note
-------+----------+-------------------------------------------
     0 | D:1      | freelancePsychic the Demigod Reaver began the quest for the
                  | Orb.
     0 | D:1      | Reached XP level 1. HP: 17/17 MP: 5/5
   243 | D:1      | Reached XP level 2. HP: 24/24 MP: 7/7
   341 | D:1      | Reached skill level 1 in Translocations
   517 | D:1      | Learned a level 2 spell: Momentum Strike
  1121 | D:2      | Reached XP level 3. HP: 30/30 MP: 8/8
  1174 | D:2      | Found a runed translucent door.
  1175 | D:2      | Noticed Crazy Yiuf
  1429 | D:2      | You fall into a shaft and drop 1 floor!
  1725 | D:3      | Noticed an ogre
  1731 | D:3      | Killed an ogre
  1891 | D:3      | Reached XP level 4. HP: 30/37 MP: 9/9
  3401 | D:4      | Learned a level 3 spell: Call Canine Familiar
  3487 | D:5      | Entered Level 5 of the Dungeon
  3580 | D:5      | Found a runed translucent door.
  3585 | D:5      | Noticed sscrono2's ghost (amateur OpDe)
  4211 | D:5      | Reached skill level 1 in Summonings
  4248 | D:5      | Reached XP level 5. HP: 44/45 MP: 7/10
  4277 | D:6      | Reached skill level 2 in Summonings
  4375 | D:6      | Found Poniucs's Armour Boutique.
  4401 | D:6      | Noticed a sky beast
  4412 | D:6      | Killed a sky beast
  4413 | D:6      | Reached skill level 3 in Summonings
  4435 | D:5      | Reached XP level 6. HP: 47/51 MP: 9/11
  4791 | D:6      | Reached skill level 4 in Summonings
  5073 | D:6      | Reached skill level 5 in Summonings
  5412 | D:7      | Noticed a water moccasin
  5418 | D:7      | Killed a water moccasin
  5575 | D:7      | Reached XP level 7. HP: 43/57 MP: 8/13
  6190 | D:7      | Found a staircase to the Ecumenical Temple.
  7108 | D:8      | Noticed Joseph
  7133 | D:8      | Killed Joseph
  7134 | D:8      | Reached XP level 8. HP: 41/67 MP: 3/16
  7778 | D:9      | Noticed a polar bear
  7914 | D:9      | Found a staircase to the Orcish Mines.
  7929 | D:9      | Reached skill level 6 in Summonings
  7937 | D:9      | Reached skill level 5 in Fighting
  8086 | D:9      | Found a flagged portal.
  8095 | Bailey   | Entered a bailey
  8215 | Bailey   | Noticed an orc knight
  8237 | Bailey   | Killed an orc knight
  8238 | Bailey   | Reached skill level 5 in Dodging
  8245 | Bailey   | Mangled by an orc warrior

Illustrated notes

Levels and vault maps discovered:
D:1:      lightli_arrival_statuegarden, layout_loops_cross,
          ebering_dispersal_statue_hall
D:2:      layout_basic, uniq_crazy_yiuf_cottage
D:3:      layout_basic
D:4:      layout_gridville, nicolae_overflow_two_pavilions
D:5:      layout_rooms, ebering_ghost_sewer_d
D:6:      layout_basic, mainiacjoe_overflow_tiny_flanked, lemuel_crystal_altar,
          slow_altar_1, serial_shops, kennysheep_mini, chequers_garden
D:7:      layout_gridville, mainiacjoe_overflow_alcove_2,
          mainiacjoe_overflow_six_doors_small, minmay_temple_entry_slanted
D:8:      layout_loops_corners, uniq_joseph
D:9:      layout_basic, grunt_lair_entry_orc_guard_hut, enter_bailey_8,
          serial_ice, serial_ice_j, serial_ice_c, serial_ice_b, serial_ice_e,
          uniq_grum
Bailey:   bailey_polearm_elven_captive_hellmonk, bailey

Skill      XL: |  1  2  3  4  5  6  7  8 |
---------------+-------------------------+-----
Fighting       | 2 3 4 5 |  5.7
Conjurations   | 3 |  3.6
Translocations | 1 2 |  2.1
Spellcasting   | 2 3 |  3.7
Summonings     | 1 3 5 6 |  6.7
Dodging        | 3 5 |  5.1
Long Blades    | |  2.6

Action                   |  1- 3 |  4- 6 |  7- 9 || total
-------------------------+-------+-------+-------++-------
Melee: Falchion          |   135 |   130 |    55 ||   320
       Punch             |     2 |     2 |       ||     4
 Cast: Momentum Strike   |    16 |    55 |    25 ||    96
       Kiss of Death     |     1 |     1 |       ||     2
       Call Canine Famil |       |     5 |    25 ||    30
Evoke: Wand              |       |     4 |     4 ||     8
  Use: Scroll            |     4 |     6 |     8 ||    18
       Potion            |     1 |     3 |     4 ||     8
 Stab: Paralysed         |       |     8 |       ||     8
       Distracted        |       |       |     2 ||     2
Armor: Leather armour    |    39 |       |       ||    39
       Robe              |     5 |    91 |    29 ||   125
Dodge: Dodged            |    80 |    94 |   102 ||   276

Table legend: (Time is in decaauts)
 A = Elapsed time spent in this place.
 B = Non-inter-level travel time spent in this place.
 C = Inter-level travel time spent in this place.
 D = Time resting spent in this place.
 E = Time spent auto-exploring this place.
 F = Levels seen in this place.
 G = Mean time per level.
                   A        B        C        D        E       F      G
               +--------+--------+--------+--------+--------+-----+--------+
         Total |   8300 |   8021 |    279 |    441 |   6024 |  10 |  830.0 |
       Dungeon |   8150 |   7871 |    279 |    441 |   5940 |   9 |  905.6 |
        Bailey |    149 |    149 |      0 |      0 |     84 |   1 |  149.0 |
               +--------+--------+--------+--------+--------+-----+--------+

Top non-repeatable levels by time:
     D:8: 1434 daAuts
     D:4: 1211 daAuts
     D:1: 1021 daAuts
     D:3: 964 daAuts
     D:7: 961 daAuts
     D:6: 897 daAuts
     D:5: 890 daAuts
     D:2: 425 daAuts
     D:9: 345 daAuts
  Bailey: 149 daAuts
